 Dungeon Sprint DCSS version 0.31-a0-95-g6fa058ef04 (webtiles) character file.

Game seed: 4394292442425016347

223 sircluck the Covert (level 6, -6/39 HPs)
             Began as a Kobold Brigand on May 25, 2023.
             Was an Initiate of Dithmenos.
             Mangled by a spriggan
             ... wielding a +0 rapier
              (13 damage)
             ... in the Dungeon (Sprint IV: "Fedhas' Mad Dash").
             The game lasted 00:01:09 (274 turns).

sircluck the Covert (Kobold Brigand)                 Turns: 274, Time: 00:01:10

Health: -6/39      AC:  3    Str:  8    XL:     6   Next: 20%
Magic:  6/6        EV: 15    Int: 12    God:    Dithmenos [......]
Gold:   35         SH:  0    Dex: 19    Spells: 5/5 levels left

rFire   . . .        a - +2 dagger
rCold   . . .        (no shield)
rNeg    . . .        b - +0 robe
rPois   .            (no helmet)
rElec   .            c - +0 cloak
rCorr   .            (no gloves)
SInv    .            (no boots)
Will    .....        n - amulet of invisibility {+Inv}
Stlth   +++++++      (no ring)
HPRegen 0.26/turn    (no ring)
MPRegen 0.10/turn

%: no teleportation
@: very slightly contaminated, invisible
A: small, no large weapons, nightstalker 3
a: Renounce Religion, Evoke Invisibility


You were in the Dungeon.
You worshipped Dithmenos.
Dithmenos was noncommittal.
You visited 1 branch You collected 35 gold pieces.

Inventory:

Hand Weapons
 a - a +2 dagger (weapon)
Missiles
 d - 9 poisoned darts (quivered)
 e - 3 curare-tipped darts
 l - 5 atropa-tipped darts
 o - 4 stones
Armour
 b - a +0 robe (worn)
 c - a +0 cloak (worn)
Jewellery
 n - the amulet of invisibility (around neck) {+Inv}
   (You found it in the Dungeon)

   [amulet of nothing]

   +Inv:      It lets you turn invisible.
Scrolls
 k - a scroll of vulnerability {unknown}
 m - a scroll of brand weapon {unknown}
Potions
 f - a potion of curing
 g - a potion of heal wounds
 h - a potion of haste
 i - 2 potions of magic
 j - a potion of berserk rage


   Skills:
 + Level 4.3 Fighting
 + Level 5.4 Short Blades
 + Level 4.1 Throwing
 + Level 2.1 Dodging
 + Level 14.6 Stealth
 + Level 1.9 Evocations


You had 5 spell levels left.
You didn't know any spells.
Your spell library was empty.

Dungeon Overview and Level Annotations

Branches:
Dungeon (1/1)

Altars:
Cheibriados
Dithmenos
Elyvilon
Gozag
Hepliaklqana
Kikubaaqudgha
Makhleb
Nemelex Xobeh
Okawaru
Qazlal
Ru
Sif Muna
Trog
Uskayaw
Vehumet
Wu Jian
Xom
Yredelemnul
Zin
The Shining One
Jiyva
Lugonu


Innate Abilities, Weirdness & Mutations

You are small and have problems with some larger weapons.
You are completely attuned to the shadows.


Message History

Your Throwing skill increases to level 4!
Your Stealth skill increases to level 14!
You have reached level 6!
k - a scroll labelled NEPYJA XOGRUL You see here a +0 leather armour.
You fail to use your ability.
You fail to use your ability.
You fade into invisibility!
You are very lightly contaminated with residual magic.
As you open the door, it creaks loudly! 2 spriggans and a scorpion come into view.
The spriggan shouts! x2
Found 28 gold pieces.
You closely miss the spriggan.
The spriggan hits you with a +0 short sword!
You hit the spriggan.
The spriggan is moderately wounded.
The spriggan closely misses you.
You hit the spriggan.
The spriggan is almost dead.
You closely miss the spriggan.
The spriggan is almost dead.
The spriggan hits you with a +0 short sword!
You hit the spriggan.
The spriggan is almost dead.
You miss the spriggan.
The spriggan is almost dead.
The spriggan barely misses you.
You hit the spriggan.
You kill the spriggan!
Dithmenos accepts your kill. The spriggan completely misses you.
You hit the spriggan.
The spriggan is heavily wounded.
The spriggan hits you with a +0 rapier.
* * * LOW HITPOINT WARNING * * *
You hit the spriggan.
The spriggan is severely wounded.
The spriggan hits you with a +0 rapier!
You die...

#####################
#.⌠._._._._.⌠.#.@is..
'.._._._._._..'.)#$.$
#..._._._._...#..# #+
#.._._._._._..#..#
#._._._._._.⌠.####
############### #


You could see a spriggan and a scorpion (wandering, unable to see you).

Vanquished Creatures
  A scorpion (D)
  4 oklob saplings (D)
  A spriggan (D)
  A river rat (D)
  A rat (D)
8 creatures vanquished.

Notes
Turn   | Place    | Note
-------+----------+-------------------------------------------
     0 | D        | sircluck the Kobold Brigand began the quest for the Orb.
     0 | D        | Reached XP level 1. HP: 12/12 MP: 1/1
     9 | D        | Reached skill level 7 in Stealth
     9 | D        | Reached XP level 2. HP: 18/18 MP: 2/2
    17 | D        | Noticed an oklob sapling
    19 | D        | Killed an oklob sapling
    20 | D        | Reached skill level 9 in Stealth
    20 | D        | Reached XP level 3. HP: 22/22 MP: 3/3
    21 | D        | Noticed a scorpion
    21 | D        | Found the amulet of invisibility {+Inv}
    29 | D        | Killed a scorpion
    30 | D        | Reached skill level 11 in Stealth
    30 | D        | Reached XP level 4. HP: 24/28 MP: 4/4
    65 | D        | Reached skill level 12 in Stealth
    65 | D        | Reached XP level 5. HP: 33/33 MP: 5/5
    82 | D        | Found an opulent altar of Gozag.
    82 | D        | Found a sacrificial altar of Ru.
    83 | D        | Found a burning altar of Makhleb.
    83 | D        | Found an ornate altar of the Wu Jian Council.
    83 | D        | Found a shimmering altar of Xom.
    84 | D        | Found a hazy altar of Hepliaklqana.
    84 | D        | Found a shimmering blue altar of Sif Muna.
    85 | D        | Found a sparkling altar of Nemelex Xobeh.
    85 | D        | Found a snail-covered altar of Cheibriados.
    85 | D        | Found a basalt altar of Yredelemnul.
    86 | D        | Found a viscous altar of Jiyva.
    86 | D        | Found a bloodstained altar of Trog.
    87 | D        | Found an iron altar of Okawaru.
    87 | D        | Found a shadowy altar of Dithmenos.
    87 | D        | Found a glowing silver altar of Zin.
    88 | D        | Found an ancient bone altar of Kikubaaqudgha.
    88 | D        | Found a hide-covered altar of Uskayaw.
    89 | D        | Found a stormy altar of Qazlal.
    89 | D        | Found a white marble altar of Elyvilon.
    89 | D        | Found a glowing golden altar of the Shining One.
   204 | D        | Reached skill level 5 in Short Blades
   204 | D        | Reached skill level 13 in Stealth
   204 | D        | Reached skill level 1 in Evocations
   204 | D        | Found a corrupted altar of Lugonu.
   204 | D        | Found a radiant altar of Vehumet.
   209 | D        | Became a worshipper of Dithmenos the Shadowed
   253 | D        | Reached skill level 14 in Stealth
   253 | D        | Reached XP level 6. HP: 38/38 MP: 6/6
   274 | D        | Mangled by a spriggan

Illustrated notes

Levels and vault maps discovered:
D:        dungeon_sprint_fedhas [sprint_temple]

Skill      XL: |  1  2  3  4  5 |
---------------+----------------+-----
Short Blades   | 3 4 5 |  5.4
Stealth        | 7 9 11 12 14 | 14.6
Fighting       | 3 4 |  4.3
Throwing       | 3 4 |  4.1
Dodging        | 2 |  2.1
Evocations     | 1 |  1.9

Action                     |  1- 3 |  4- 6 || total
---------------------------+-------+-------++-------
  Melee: Dagger            |    10 |    14 ||    24
  Throw: Dart              |     1 |       ||     1
Ability: Evoke Invisibilit |       |     2 ||     2
    Use: Scroll            |       |     1 ||     1
   Stab: Sleeping          |     3 |     2 ||     5
         Invisible         |       |     1 ||     1
  Dodge: Dodged            |     5 |     4 ||     9

Table legend: (Time is in decaauts)
 A = Elapsed time spent in this place.
 B = Non-inter-level travel time spent in this place.
 C = Inter-level travel time spent in this place.
 D = Time resting spent in this place.
 E = Time spent auto-exploring this place.
 F = Levels seen in this place.
 G = Mean time per level.
                   A        B        C        D        E       F      G
               +--------+--------+--------+--------+--------+-----+--------+
         Total |    269 |    269 |      0 |    129 |     31 |   1 |  269.0 |
       Dungeon |    269 |    269 |      0 |    129 |     31 |   1 |  269.0 |
               +--------+--------+--------+--------+--------+-----+--------+

Top non-repeatable levels by time:
       D: 269 daAuts
